cohdb
Replays
Latest Replays
All Replays
Popular Replays
Top Player Replays
Match Explorer
How It Works
Community
CoH3 Stats
Reddit
Sign in to upload your games and track your stats! →
Sign in with Steam
Match 44229470
Unlisted
Match 44229470
Overview
Messages
Build Orders
End
Construct Barracks
1⁄4-ton 4x4 Truck
Scout Squad
Riflemen Squad
Riflemen Squad
Selects Advanced Infantry Battlegroup
Infantry Support Center
Selects Convert to Ranger Squad
Construct Medical Station
M1918 Browning Automatic Rifles
Convert to Ranger Squad
Engineer Squad
Convert to Ranger Squad
Selects Ammunition Storage
Advanced Logistics
Selects M2A1 105mm Howitzer Emplacement
Construct Motor Pool
M24 Chaffee Light Tank
Shadow Heart
Arturokq
liquidshaker
dr.farsh
0
0
Comments
sign in to comment!
No comments posted yet!